A- SE
PALM BEACH CARDINALS @ DAYTONA TORTUGAS
09/24/2041
 
TOP OF THE 1ST
Palm Beach Cardinals batting - Pitching for Daytona Tortugas : RHP Jeff Harrell
Pitching: RHP Jeff Harrell
Batting: RHB Alfredo Ramírez 0-0: Fly out, F3 (Popup, 3S, EV 71.3 MPH)
Batting: RHB Ken Dunn 0-0: Ground out 6-3 (Groundball, 6, EV 103.1 MPH)
Batting: LHB Joe Keller 0-0: Ball
1-0: Fly out, F9 (Flyball, 9D, EV 105.0 MPH)
Top of the 1st over - 0 runs, 0 hits, 0 errors, 0 left on base; Palm Beach 0 - Daytona 0
BOTTOM OF THE 1ST
Daytona Tortugas batting - Pitching for Palm Beach Cardinals : LHP Ken Reynolds
Pitching: LHP Ken Reynolds
Batting: RHB Pete King 0-0: Ball
1-0: Ball
2-0: Foul Ball, location: 9LDF
2-1: Ball
3-1: Base on Balls
Batting: RHB Phil Hill 0-0: Ball
1-0: Foul Ball, location: 9LSF
1-1: Swinging Strike
1-2: Grounds into double play, 4-6-3 (Groundball, 4, EV 90.6 MPH)
Batting: LHB Zak O'Toole 0-0: Swinging Strike
0-1: Called Strike
0-2: Strikes out looking
Bottom of the 1st over - 0 runs, 0 hits, 0 errors, 0 left on base; Palm Beach 0 - Daytona 0
TOP OF THE 2ND
Palm Beach Cardinals batting - Pitching for Daytona Tortugas : RHP Jeff Harrell
Batting: RHB Arturo Santos 0-0: Ball
1-0: Ball
2-0: Fly out, F5 (Flyball, 56D, EV 92.5 MPH)
Batting: LHB Mike LeBlanc 0-0: Foul Ball, location: 9LMFF
0-1: Foul Ball, location: 7LSF
0-2: Foul Ball, location: 3F
0-2: Foul Ball, location: 2F
0-2: SOLO HOME RUN (Flyball, 78XD, EV 105.0 MPH), Distance : 433 ft
Batting: RHB Walt Nelson 0-0: Ball
1-0: Ball
2-0: Ball
3-0: Called Strike
3-1: Called Strike
3-2: Foul Ball, location: 2F
3-2: Foul Ball, location: 2F
3-2: Ground out 4-3 (Groundball, 4, EV 86.9 MPH)
Batting: LHB Luis Carrasco 0-0: Called Strike
0-1: Fly out, F9 (Flyball, 9, EV 85.6 MPH)
Top of the 2nd over - 1 run, 1 hit, 0 errors, 0 left on base; Palm Beach 1 - Daytona 0
BOTTOM OF THE 2ND
Daytona Tortugas batting - Pitching for Palm Beach Cardinals : LHP Ken Reynolds
Batting: RHB Kevin Brooks 0-0: Ball
1-0: Ball
2-0: Ball
3-0: Base on Balls
Batting: RHB César Fernández 0-0: Called Strike
0-1: 2-RUN HOME RUN (Flyball, 78XD, EV 108.1 MPH), Distance : 401 ft
Batting: LHB Steve Wolfe 0-0: Ball
1-0: Foul Ball, location: 5F
1-1: Ball
2-1: Called Strike
2-2: Strikes out swinging
Batting: RHB Gene Glass 0-0: Called Strike
0-1: Ball
1-1: Called Strike
1-2: Ball
2-2: Foul Ball, location: 9LDF
2-2: SINGLE (Line Drive, 5D, EV 106.3 MPH)
Batting: RHB Greg Allison 0-0: Called Strike
0-1: Ball
1-1: Foul Ball, location: 9LSF
1-2: Grounds into double play, 5-4-3 (Groundball, 5, EV 109.4 MPH)
Bottom of the 2nd over - 2 runs, 2 hits, 0 errors, 0 left on base; Palm Beach 1 - Daytona 2
TOP OF THE 3RD
Palm Beach Cardinals batting - Pitching for Daytona Tortugas : RHP Jeff Harrell
Batting: RHB Arturo Montés 0-0: SINGLE (Line Drive, 34, EV 101.9 MPH)
Batting: RHB Manny Díaz 0-0: Sac Bunt to P - play at first, batter OUT! 1-3
Arturo Montés to second
Batting: RHB Alfredo Ramírez 0-0: Swinging Strike
0-1: Swinging Strike
0-2: Ball
1-2: Ball
2-2: Strikes out swinging
Batting: RHB Ken Dunn 0-0: Ball
1-0: Ball
2-0: Called Strike
2-1: Swinging Strike
2-2: Foul Ball, location: 25F
2-2: Strikes out swinging
Top of the 3rd over - 0 runs, 1 hit, 0 errors, 1 left on base; Palm Beach 1 - Daytona 2
BOTTOM OF THE 3RD
Daytona Tortugas batting - Pitching for Palm Beach Cardinals : LHP Ken Reynolds
Batting: LHB Ernesto Pacheco 0-0: Ball
1-0: SINGLE (Flyball, 5D, EV 91.9 MPH)
Batting: RHB Pete King 0-0: Bunted foul
0-1: Bunted foul
0-2: Ball
Wild Pitch!
Ernesto Pacheco to second
1-2: Ball
2-2: Ball
3-2: Foul Ball, location: 7LSF
3-2: Base on Balls
Batting: RHB Phil Hill 0-0: Ball
1-0: Ball
2-0: Called Strike
2-1: Ball
3-1: Bunted foul
3-2: Grounds into double play, 6-4-3 (Groundball, 6, EV 85.0 MPH)
Ernesto Pacheco to third
Batting: LHB Zak O'Toole 0-0: Foul Ball, location: 7LDF
0-1: Foul Ball, location: 23FF
0-2: Ball
1-2: Ball
2-2: 2-RUN HOME RUN (Flyball, 7LD, EV 91.3 MPH), Distance : 341 ft
Batting: RHB Kevin Brooks 0-0: Ground out 6-3 (Groundball, 6, EV 102.5 MPH)
Bottom of the 3rd over - 2 runs, 2 hits, 0 errors, 0 left on base; Palm Beach 1 - Daytona 4
TOP OF THE 4TH
Palm Beach Cardinals batting - Pitching for Daytona Tortugas : RHP Jeff Harrell
Batting: LHB Joe Keller 0-0: Ground out 6-3 (Groundball, 6, EV 98.8 MPH)
Batting: RHB Arturo Santos 0-0: Called Strike
0-1: Called Strike
0-2: Ground out 5-3 (Groundball, 5L, EV 108.8 MPH)
Batting: LHB Mike LeBlanc 0-0: Ball
1-0: Foul Ball, location: 25F
1-1: Ground out 3-1 (Groundball, 34, EV 104.4 MPH)
Top of the 4th over - 0 runs, 0 hits, 0 errors, 0 left on base; Palm Beach 1 - Daytona 4
BOTTOM OF THE 4TH
Daytona Tortugas batting - Pitching for Palm Beach Cardinals : LHP Ken Reynolds
Batting: RHB César Fernández 0-0: Ball
1-0: Foul Ball, location: 25F
1-1: Ball
2-1: Ball
3-1: Foul Ball, location: 23F
3-2: Fly out, F8 (Flyball, 8RD, EV 111.3 MPH)
Batting: LHB Steve Wolfe 0-0: Called Strike
0-1: Foul Ball, location: 7LDF
0-2: Fly out, F8 (Flyball, 8LM, EV 93.8 MPH)
Batting: RHB Gene Glass 0-0: Called Strike
0-1: SINGLE (Line Drive, 8LS, EV 98.8 MPH)
Batting: RHB Greg Allison 0-0: Ground out 4-3 (Groundball, 4, EV 88.1 MPH)
Bottom of the 4th over - 0 runs, 1 hit, 0 errors, 1 left on base; Palm Beach 1 - Daytona 4
TOP OF THE 5TH
Palm Beach Cardinals batting - Pitching for Daytona Tortugas : RHP Jeff Harrell
Batting: RHB Walt Nelson 0-0: Called Strike
0-1: Ball
1-1: Ball
2-1: Fly out, F9 (Flyball, 89S, EV 89.4 MPH)
Batting: LHB Luis Carrasco 0-0: Ground out 4-3 (Groundball, 4, EV 88.1 MPH)
Batting: RHB Arturo Montés 0-0: Foul Ball, location: 3F
0-1: Called Strike
0-2: Ball
1-2: Ball
2-2: Ball
3-2: Base on Balls
Batting: RHB Manny Díaz 0-0: Ball
1-0: Foul Ball, location: 2RF
1-1: Ball
2-1: Ball
3-1: SINGLE (Line Drive, 6D, EV 95.6 MPH)
Arturo Montés to second
Runner from 2nd tries for 3rd, OUT! 8-5
Top of the 5th over - 0 runs, 1 hit, 0 errors, 1 left on base; Palm Beach 1 - Daytona 4
BOTTOM OF THE 5TH
Daytona Tortugas batting - Pitching for Palm Beach Cardinals : LHP Ken Reynolds
Batting: LHB Ernesto Pacheco 0-0: Ball
1-0: Foul Ball, location: 23F
1-1: Ball
2-1: Called Strike
2-2: Strikes out swinging
Batting: RHB Pete King 0-0: Called Strike
0-1: Ball
1-1: Called Strike
1-2: Ball
2-2: Ball
3-2: Foul Ball, location: 2LF
3-2: Ground out 6-3 (Groundball, 56, EV 76.3 MPH)
Batting: RHB Phil Hill 0-0: Hit by Pitch
Batting: LHB Zak O'Toole 0-0: Called Strike
0-1: Ball
1-1: Ground out 4-3 (Groundball, 4, EV 87.5 MPH)
Bottom of the 5th over - 0 runs, 0 hits, 0 errors, 1 left on base; Palm Beach 1 - Daytona 4
TOP OF THE 6TH
Palm Beach Cardinals batting - Pitching for Daytona Tortugas : RHP Jeff Harrell
Batting: RHB Alfredo Ramírez 0-0: Swinging Strike
0-1: Foul Ball, location: 9LDF
0-2: Strikes out swinging
Batting: RHB Ken Dunn 0-0: Swinging Strike
0-1: Ground out 6-3 (Groundball, 6, EV 82.5 MPH)
Batting: LHB Joe Keller 0-0: Ball
1-0: Ball
2-0: DOUBLE (Line Drive, 7LD, EV 108.8 MPH)
Batting: RHB Arturo Santos 0-0: Ball
1-0: Ball
2-0: Ball
3-0: Base on Balls
Batting: LHB Mike LeBlanc 0-0: Ball
1-0: Ground out 1-3 (Groundball, 15S, EV 71.9 MPH)
Top of the 6th over - 0 runs, 1 hit, 0 errors, 2 left on base; Palm Beach 1 - Daytona 4
BOTTOM OF THE 6TH
Daytona Tortugas batting - Pitching for Palm Beach Cardinals : LHP Ken Reynolds
Batting: RHB Kevin Brooks 0-0: Ground out 1-3 (Groundball, 13S, EV 73.1 MPH)
Batting: RHB César Fernández 0-0: Called Strike
0-1: Swinging Strike
0-2: Ball
1-2: Ball
2-2: Foul Ball, location: 3F
2-2: Ball
3-2: Ground out 1-3 (Groundball, 34S, EV 64.4 MPH)
Batting: LHB Steve Wolfe 0-0: Ball
1-0: Ball
2-0: Foul Ball, location: 23FF
2-1: Ball
3-1: Foul Ball, location: 23F
3-2: Base on Balls
Pitching: LHP Manolo Alverns
Batting: RHB Gene Glass 0-0: Foul Ball, location: 23FF
0-1: Foul Ball, location: 9LDF
0-2: Ball
1-2: Hit by Pitch
Steve Wolfe to second
Batting: RHB Greg Allison 0-0: Ball
1-0: Ball
2-0: Fly out, F8 (Flyball, 89D, EV 95.0 MPH)
Bottom of the 6th over - 0 runs, 0 hits, 0 errors, 2 left on base; Palm Beach 1 - Daytona 4
TOP OF THE 7TH
Palm Beach Cardinals batting - Pitching for Daytona Tortugas : RHP Jeff Harrell
Batting: RHB Walt Nelson 0-0: Ball
1-0: SINGLE (Line Drive, 56D, EV 98.1 MPH)
Batting: LHB Luis Carrasco 0-0: Ball
1-0: Foul Ball, location: 7LMF
1-1: Fielders Choice at 2nd, 1-6 (Groundball, 13S, EV 61.3 MPH)
Batting: RHB Arturo Montés 0-0: Ball
1-0: Called Strike
1-1: Ball
2-1: Swinging Strike
2-2: Grounds into double play, 5-4-3 (Groundball, 56, EV 103.1 MPH)
Top of the 7th over - 0 runs, 1 hit, 0 errors, 0 left on base; Palm Beach 1 - Daytona 4
BOTTOM OF THE 7TH
Daytona Tortugas batting - Pitching for Palm Beach Cardinals : LHP Manolo Alverns
Batting: LHB Ernesto Pacheco 0-0: Called Strike
0-1: Called Strike
0-2: Ball
1-2: Ball
2-2: Foul Ball, location: 7LSF
2-2: Strikes out swinging
Batting: RHB Pete King 0-0: Called Strike
0-1: Called Strike
0-2: Foul Ball, location: 5FF
0-2: Ball
1-2: Foul Ball, location: 9LDF
1-2: Foul Ball, location: 3FF
1-2: Ball
2-2: Strikes out swinging
Batting: RHB Phil Hill 0-0: Called Strike
0-1: Ball
1-1: Swinging Strike
1-2: Foul Ball, location: 23F
1-2: Ball
2-2: Foul Ball, location: 9LMF
2-2: Strikes out swinging
Bottom of the 7th over - 0 runs, 0 hits, 0 errors, 0 left on base; Palm Beach 1 - Daytona 4
TOP OF THE 8TH
Palm Beach Cardinals batting - Pitching for Daytona Tortugas : RHP Jeff Harrell
Batting: RHB Manny Díaz 0-0: Ball
1-0: Ball
2-0: Foul Ball, location: 25FF
2-1: Ball
3-1: Base on Balls
Batting: RHB Alfredo Ramírez 0-0: Grounds into double play, 5-4-3 (Groundball, 5, EV 108.8 MPH)
Batting: RHB Ken Dunn 0-0: Fly out, F7 (Line Drive, 7LM, EV 88.1 MPH)
Top of the 8th over - 0 runs, 0 hits, 0 errors, 0 left on base; Palm Beach 1 - Daytona 4
BOTTOM OF THE 8TH
Daytona Tortugas batting - Pitching for Palm Beach Cardinals : LHP Manolo Alverns
Batting: LHB Zak O'Toole 0-0: Ball
1-0: Ball
2-0: Ball
3-0: Called Strike
3-1: Base on Balls
Batting: RHB Kevin Brooks 0-0: Ball
1-0: Ball
2-0: Fly out, F9 (Flyball, 9LM, EV 78.8 MPH)
Batting: RHB César Fernández 0-0: Called Strike
0-1: Swinging Strike
0-2: Ball
1-2: Strikes out swinging
Batting: LHB Steve Wolfe 0-0: Swinging Strike
0-1: Ball
1-1: Ball
2-1: Foul Ball, location: 5F
2-2: Strikes out looking
Bottom of the 8th over - 0 runs, 0 hits, 0 errors, 1 left on base; Palm Beach 1 - Daytona 4
TOP OF THE 9TH
Palm Beach Cardinals batting - Pitching for Daytona Tortugas : RHP Jeff Harrell
Pitching: RHP António Juárez
Now in RF: Brad Jones
Batting: LHB Joe Keller 0-0: Foul Ball, location: 3F
0-1: Swinging Strike
0-2: Ball
1-2: Strikes out swinging
Batting: RHB Arturo Santos 0-0: Ball
1-0: Foul Ball, location: 2F
1-1: Called Strike
1-2: Strikes out swinging
Batting: LHB Mike LeBlanc 0-0: Ball
1-0: Foul Ball, location: 25FF
1-1: Swinging Strike
1-2: Strikes out swinging
Top of the 9th over - 0 runs, 0 hits, 0 errors, 0 left on base; Palm Beach 1 - Daytona 4
Monday, April 1st , 2024 - OOTP Baseball 24.10 Build 82